 Dungeon Crawl Stone Soup version 0.31-a0-795-g5eb97db20b (webtiles) character file.

Game seed: 7720184858812987401

2615 freelancePsychic the Thaumaturge (level 9, -12/65 HPs)
             Began as a Djinni Shapeshifter on Sept 18, 2023.
             Was a Follower of Makhleb.
             Mangled by Maggie
             ... wielding a +2 halberd of flaming
              (15 damage)
             ... on level 8 of the Dungeon.
             The game lasted 00:12:11 (8559 turns).

freelancePsychic the Thaumaturge (DjSh)             Turns: 8559, Time: 00:12:12

Health: -12/65     AC:  4    Str: 13    XL:     9   Next: 91%
Gold:   262        EV: 12    Int: 16    God:    Makhleb [*.....] SH:  0 Dex: 13

rFire   + + +        w - +0 short sword (venom)
rCold   + . .        (no shield)
rNeg    . . .        r - +2 robe {rC+}
rPois   ∞            (helmet currently unavailable)
rElec   .            (cloak currently unavailable)
rCorr   .            (gloves currently unavailable)
SInv    .            (boots unavailable)
Will    .....        (no amulet)
Stlth   +            n - ring of protection from fire
HPRegen 0.30/turn    y - ring of protection from cold
MPRegen 0.00/turn

%: infuse magic (-13 HP)
@: beast-form, flying
A: beast (slay +1), flying, sickness immunity, fire resistance 2, cold
vulnerability 1, float, innate caster, HP casting, extra vitality 1
a: Begin Untransformation, Renounce Religion


You were on level 8 of the Dungeon.
You worshipped Makhleb.
Makhleb was aware of your devotion.
You were a hulking beast.
You visited 1 branch of the dungeon, and saw 8 of its levels.

You collected 376 gold pieces.
You spent 114 gold pieces at shops.

Inventory:

Hand Weapons
 w - a +0 short sword of venom (weapon)
Armour
 a - a +0 animal skin
 r - a +2 robe of cold resistance (worn)
 v - a +0 cloak
Magical Staves
 q - a staff of cold
Jewellery
 g - a ring of positive energy
 n - a ring of protection from fire (left hand)
 y - a ring of protection from cold (right hand)
 z - the ring of Eternal Night {*Corrode rN+++ Will- AC+4 SInv}
   (You found it on level 6 of the Dungeon)

   [ring of protection]

   AC+4:      It affects your AC (+4).
   rN+++:     It renders you almost immune to negative energy.
   Will-:     It decreases your willpower.
   SInv:      It lets you see invisible.
   *Corrode:  It may corrode you when you take damage.
 B - a ring of positive energy
Talismans
 c - a beast talisman (active)
 d - a flux talisman
 h - a blade talisman
Wands
 e - a wand of charming (5)
 x - a wand of polymorph (7)
Scrolls
 f - a scroll of torment
 i - a scroll of enchant weapon
 k - a scroll of teleportation {@r4}
 t - 2 scrolls of blinking
Potions
 b - a potion of lignification
 j - 5 potions of enlightenment
 l - a potion of attraction {unknown}
 m - 3 potions of magic {unknown}
 o - a potion of cancellation
 p - 2 potions of might {unknown}
 s - 3 potions of heal wounds {unknown}
 u - 2 potions of mutation {unknown}
 A - a potion of haste {unknown}


   Skills:
 + Level 5.3 Fighting
 - Level 1.3 Short Blades
 - Level 2.3 Dodging
 - Level 3.4 Unarmed Combat
 + Level 8.1 Spellcasting
 + Level 8.1 Conjurations
 + Level 8.1 Hexes
   Level 0.0 Charms
 + Level 8.1 Summonings
 + Level 8.1 Necromancy
 + Level 8.1 Translocations
 + Level 8.1 Transmutations
 + Level 8.1 Fire Magic
 + Level 8.1 Ice Magic
 + Level 8.1 Air Magic
 + Level 8.1 Earth Magic
 + Level 8.1 Poison Magic
 - Level 3.3 Shapeshifting


You knew the following spells:

 Your Spells              Type           Power      Damage    Failure   Level
a - Kiss of Death         Conj/Necr      100%       2d13      1%          1
b - Searing Ray           Conj           64%        2d6       1%          2
c - Ignite Poison         Fire/Tmut/Pois 32%        N/A       1%          3
d - Brom's Barrelling Bo  Conj/Erth      32%        2d5       3%          4
Your spell library was empty.

Dungeon Overview and Level Annotations

Branches:
Dungeon (8/15)             Temple (0/1) D:5
   Lair: D:8-11

Altars:
Gozag
Makhleb
Nemelex Xobeh
Okawaru
Zin
The Shining One

Shops:
D:4 ?

Annotations:
D:8 Maggie


Innate Abilities, Weirdness & Mutations

You are a hulking beast.
Your limbs bulge with bestial killing power. (Slay +1)
You are flying.
You are immune to sickness and miasma.
You are immune to poison.
Your flesh is very heat resistant. (rF++)
You are vulnerable to cold. (rC-)
You float through the air rather than walking.
You learn spells naturally, not from books.
Your magical power is your life essence.
You have superior vitality. (+4 MHP)


Message History

You hit the wight.
The wight is moderately damaged.
The wight hits you with a +0 mace. The wight hits you with a +0 falchion!
* * * LOW HITPOINT WARNING * * *
You hit the wight.
The wight is heavily damaged.
The wight hits you but does no damage. The wight barely misses you.
You barely miss the wight.
The wight is heavily damaged.
The wight barely misses you. x2
Unknown command.
Okay, then.
You hit the wight. Your punch misses the wight.
The wight is severely damaged.
Your surroundings suddenly seem different. 2 wights come into view.
A wight is wielding a +4 war axe of freezing.
Found a +0 hand axe.
Aiming: Brom's Barrelling Boulder (dangerous; 3% risk of failure)
Press: ? - help, Q - select action, (/) - cycle Dir - move target, f - wight
Aim: a wight, wielding a +4 war axe of freezing and wearing a +0 robe (100% to hit)
You send a boulder barrelling forward!
* * * LOW HITPOINT WARNING * * *
The boulder barrels into the wight!
The wight is knocked back.
Your boulder crumbles as it rolls away.
Unknown command.
You hear the hiss of a very distant avalanche of sand.
Maggie shouts!
You hear a shout!
You hear an angry hiss.
Maggie mumbles some strange words.
Maggie attempts to bespell you!
You are mesmerised by Maggie!
A wight comes into view.
It is wielding a +0 falchion and wearing a +2 robe of willpower.
A wight comes into view. It is wielding a +0 flail.
You are no longer entranced.
Maggie hits you from afar with a +2 halberd of flaming!
* * * LOW HITPOINT WARNING * * *
Maggie burns you.
* * * LOW HITPOINT WARNING * * *
Maggie hits you from afar with a +2 halberd of flaming!
You die...

........# ###.#. ##
..#######.## ...>.
.#.... ..##
....##.♣.[.♣ ....
####. ............
#.#.. ....#
##...S....>.. #....
....###......:.....
#...
#..#.#....#.....♣..
#..##.##.##h......#
#....[...@.....#..#
#...##.z...##..#
#....z....z....#
#.#.##.....###.#
#.###..z## .# #.#
##.## # #z# #.#
#z####.#####


You could see Maggie, a water moccasin and 4 wights.

Vanquished Creatures
  Sigmund (D:5)
  A water moccasin (D:6)
  Duvessa (D:5)
  2 black bears
  3 ice beasts
  2 phantoms (D:5)
  2 kobold brigands (D:6)
  2 scorpions
  Dowan (D:5)
  3 wights
  12 killer bees
  A howler monkey (D:4)
  An orc priest (D:4)
  A jelly (D:6)
  Crazy Yiuf (D:4)
  2 hounds
  3 iguanas
  A sleepcap (D:6)
  Jessica (D:2)
  Ijyb (D:4)
  2 orc wizards (D:7)
  5 adders
  A river rat (D:4)
  A shadow imp (D:7)
  2 ufetubi
  3 worms (D:2)
  2 dart slugs
  14 orcs
  9 ball pythons
  2 endoplasms
  13 giant cockroaches
  4 goblins
  7 hobgoblins
  4 jackals
  6 quokkas
  7 bats
  4 frilled lizards
  17 kobolds
  9 rats
154 creatures vanquished.

Vanquished Creatures (collateral kills)
  2 wights
  17 boulders
19 creatures vanquished.

Vanquished Creatures (others)
  21 boulders
21 creatures vanquished.

Grand Total: 194 creatures vanquished

Notes
Turn   | Place    | Note
-------+----------+-------------------------------------------
     0 | D:1      | freelancePsychic the Djinni Shapeshifter began the quest
                  | for the Orb.
     0 | D:1      | Reached XP level 1. HP: 17/17 MP: 0/0
   211 | D:1      | Found a faded altar of an unknown god.
   214 | D:1      | Reached XP level 2. HP: 20/22 MP: 0/0
   227 | D:1      | Prayed at the altar of an unknown god.
   324 | D:1      | Reached skill level 1 in Spellcasting
   324 | D:1      | Reached skill level 1 in Conjurations
   324 | D:1      | Reached skill level 1 in Hexes
   324 | D:1      | Reached skill level 1 in Summonings
   324 | D:1      | Reached skill level 1 in Necromancy
   324 | D:1      | Reached skill level 1 in Translocations
   324 | D:1      | Reached skill level 1 in Transmutations
   324 | D:1      | Reached skill level 1 in Fire Magic
   324 | D:1      | Reached skill level 1 in Ice Magic
   324 | D:1      | Reached skill level 1 in Air Magic
   324 | D:1      | Reached skill level 1 in Earth Magic
   324 | D:1      | Reached skill level 1 in Poison Magic
   634 | D:1      | Reached XP level 3. HP: 27/27 MP: 0/0
   634 | D:1      | Learned a level 1 spell: Kiss of Death
  1060 | D:2      | Noticed Jessica
  1070 | D:2      | Killed Jessica
  1071 | D:2      | Reached skill level 1 in Short Blades
  1071 | D:2      | Reached XP level 4. HP: 12/31 MP: 0/0
  1517 | D:2      | Reached XP level 5. HP: 35/37 MP: 0/0
  1517 | D:2      | Learned a level 2 spell: Searing Ray
  2882 | D:3      | Identified a scroll of acquirement
  2882 | D:3      | Acquired the +8 battleaxe "Zeemull" {venom, *Slow rCorr
                  | SInv}
  3054 | D:4      | Found Usev Ram's Magic Scroll Emporium.
  3062 | D:4      | Bought a scroll of blinking for 90 gold pieces
  3062 | D:4      | Bought a scroll of identify for 24 gold pieces
  3081 | D:4      | Found a runed translucent door.
  3082 | D:4      | Noticed Crazy Yiuf
  3089 | D:4      | Killed Crazy Yiuf
  3179 | D:4      | Reached XP level 6. HP: 30/42 MP: 0/0
  3187 | D:4      | Noticed a black bear
  3195 | D:4      | Killed a black bear
  3317 | D:4      | Reached XP level 7. HP: 31/47 MP: 0/0
  3317 | D:4      | Learned a level 3 spell: Ignite Poison
  3645 | D:4      | Found a glowing silver altar of Zin.
  3670 | D:4      | Noticed Ijyb
  3673 | D:4      | Killed Ijyb
  3812 | D:4      | Found a burning altar of Makhleb.
  3812 | D:4      | Noticed an Executioner
  3815 | D:4      | Noticed a ynoxinul
  3815 | D:4      | Noticed a hellwing
  3990 | D:5      | Entered Level 5 of the Dungeon
  4030 | D:4      | Became a worshipper of Makhleb the Destroyer
  4533 | D:5      | Found a staircase to the Ecumenical Temple.
  4559 | D:5      | Reached skill level 5 in Spellcasting
  4559 | D:5      | Reached skill level 5 in Conjurations
  4559 | D:5      | Reached skill level 5 in Hexes
  4559 | D:5      | Reached skill level 5 in Summonings
  4559 | D:5      | Reached skill level 5 in Necromancy
  4559 | D:5      | Reached skill level 5 in Translocations
  4559 | D:5      | Reached skill level 5 in Transmutations
  4559 | D:5      | Reached skill level 5 in Fire Magic
  4559 | D:5      | Reached skill level 5 in Ice Magic
  4559 | D:5      | Reached skill level 5 in Air Magic
  4559 | D:5      | Reached skill level 5 in Earth Magic
  4559 | D:5      | Reached skill level 5 in Poison Magic
  4729 | D:5      | Reached XP level 8. HP: 44/52 MP: 0/0
  4803 | D:5      | Noticed Sigmund
  4807 | D:5      | Killed Sigmund
  4943 | D:5      | Noticed Duvessa
  4944 | D:5      | Noticed Dowan
  4951 | D:5      | Killed Duvessa
  4958 | D:5      | Killed Dowan
  5071 | D:5      | Found a sparkling altar of Nemelex Xobeh.
  5747 | D:6      | Reached XP level 9. HP: 29/58 MP: 0/0
  5747 | D:6      | Learned a level 4 spell: Brom's Barrelling Boulder
  6168 | D:6      | Found a glowing golden altar of the Shining One.
  6561 | D:6      | Found an opulent altar of Gozag.
  6887 | D:6      | Identified the ring of Eternal Night {*Corrode rN+++ Will-
                  | AC+4 SInv}
  7030 | D:6      | Found an iron altar of Okawaru.
  8061 | D:7      | Reached * piety under Makhleb
  8327 | D:8      | Noticed Maggie
  8331 | D:8      | Reached skill level 5 in Fighting
  8558 | D:8      | HP: 3/65 [Maggie/+2 halberd of flaming (1)]
  8559 | D:8      | Mangled by Maggie

Illustrated notes

Levels and vault maps discovered:
D:1:      dpeg_arrival_solitude, layout_basic,
          ebering_ecumenical_altar_sacrificial, serial_bayou_lagoon_b
D:2:      minmay_roachtagon, layout_basic, grunt_ministairs_14, uniq_jessica
D:3:      layout_basic
D:4:      layout_loops_ring, makhleb_altar_promises_db,
          mainiacjoe_overflow_boulevard, serial_shops, shop,
          portal_sewer_entry_e, uniq_crazy_yiuf_cottage, uniq_ijyb
D:5:      layout_basic, nemelex_spade_bored_becter,
          minmay_temple_entry_gardened_gates, patterned_corridor, uniq_duvessa,
          uniq_sigmund
D:6:      cheibrodos_thug_alley, layout_layer_cave, tso_oasis_becter,
          nicolae_overflow_hidden_temple
D:7:      layout_loops_cross, hangedman_abyss_or_decor_slice
D:8:      layout_loops_ring, enter_ossuary_3, grunt_ministairs_1,
          hangedman_misty_isle, uniq_maggie

Skill      XL: |  1  2  3  4  5  6  7  8  9 |
---------------+----------------------------+-----
Spellcasting   | 1 2 4 5 7 8 |  8.1
Conjurations   | 1 2 4 5 7 8 |  8.1
Hexes          | 1 2 4 5 7 8 |  8.1
Summonings     | 1 2 4 5 7 8 |  8.1
Necromancy     | 1 2 4 5 7 8 |  8.1
Translocations | 1 2 4 5 7 8 |  8.1
Transmutations | 1 2 4 5 7 8 |  8.1
Fire Magic     | 1 2 4 5 7 8 |  8.1
Ice Magic      | 1 2 4 5 7 8 |  8.1
Air Magic      | 1 2 4 5 7 8 |  8.1
Earth Magic    | 1 2 4 5 7 8 |  8.1
Poison Magic   | 1 2 4 5 7 8 |  8.1
Short Blades   | 1 |  1.3
Shapeshifting  | 3 |  3.3
Fighting       | 5 |  5.3
Dodging        | |  2.3
Unarmed Combat | |  3.4

Action                     |  1- 3 |  4- 6 |  7- 9 || total
---------------------------+-------+-------+-------++-------
  Melee: Unarmed           |    26 |       |       ||    26
         Punch             |     3 |     1 |     1 ||     5
         Whip              |    29 |       |       ||    29
         Short sword       |    39 |   107 |    66 ||   212
         Battleaxe         |       |    40 |    47 ||    87
   Cast: Kiss of Death     |     1 |       |       ||     1
         Searing Ray       |       |     1 |    11 ||    12
         Ignite Poison     |       |       |     8 ||     8
         Brom's Barrelling |       |       |    56 ||    56
  Evoke: Wand              |       |       |     1 ||     1
    Use: Scroll            |     2 |     5 |     7 ||    14
         Potion            |       |     2 |     2 ||     4
   Stab: Sleeping          |     1 |       |     2 ||     3
 Armour: Animal skin       |    53 |    39 |       ||    92
         Robe              |       |    44 |   109 ||   153
         Skin              |       |     2 |       ||     2
  Dodge: Dodged            |    56 |   133 |   110 ||   299

Table legend: (Time is in decaauts)
 A = Elapsed time spent in this place.
 B = Non-inter-level travel time spent in this place.
 C = Inter-level travel time spent in this place.
 D = Time resting spent in this place.
 E = Time spent auto-exploring this place.
 F = Levels seen in this place.
 G = Mean time per level.
                   A        B        C        D        E       F      G
               +--------+--------+--------+--------+--------+-----+--------+
         Total |   8613 |   8210 |    403 |    481 |   6441 |   8 | 1076.6 |
       Dungeon |   8613 |   8210 |    403 |    481 |   6441 |   8 | 1076.6 |
               +--------+--------+--------+--------+--------+-----+--------+

Top non-repeatable levels by time:
     D:6: 1568 daAuts
     D:5: 1514 daAuts
     D:7: 1367 daAuts
     D:4: 1128 daAuts
     D:2: 1122 daAuts
     D:3: 941 daAuts
     D:1: 907 daAuts
     D:8: 63 daAuts
